 Dungeon Crawl Stone Soup version 0.22-a0-348-gd16d139 (webtiles) character file.

13164 Amnesiac the Nimble (level 11, -23/86 HPs)
             Began as a Mummy Wizard on Apr 10, 2018.
             Was an Elder of Vehumet.
             Hit by a large rock thrown by a cyclops (36 damage)
             ... on level 11 of the Dungeon.
             The game lasted 00:28:09 (14531 turns).

Amnesiac the Nimble (Mummy Wizard)                 Turns: 14531, Time: 00:28:09

Health: -23/86     AC:  8    Str: 10    XL:     11   Next: 72%
Magic:  12/24      EV: 15    Int: 21    God:    Vehumet [****..]
Gold:   712        SH:  0    Dex: 11    Spells: 9/28 levels left

rFire    x . .     SeeInvis .   a - staff of conjuration
rCold    + + .     Gourm    .   (no shield)
rNeg     + + +     Faith    .   y - +2 leather armour {rC+}
rPois    ∞         Spirit   .   k - +0 helmet
rElec    .         Reflect  .   t - +0 cloak
rCorr    .         Harm     .   p - +0 pair of gloves
MR       +....                  (no boots)
Stlth    +.........             (no amulet)
HPRegen  0.24/turn              l - ring of wizardry
MPRegen  0.19/turn              (no ring)

@: no status effects
A: no food or potions, fire vulnerability, cold resistance 1, negative energy
resistance 3, torment resistance, unbreathing
a: Renounce Religion


You were on level 11 of the Dungeon.
You worshipped Vehumet.
Vehumet was greatly pleased with you.
You were not hungry.

You visited 2 branches of the dungeon, and saw 12 of its levels.

You collected 712 gold pieces.

Inventory:

Hand Weapons
 b - a +2 dagger of electrocution
Armour
 k - a +0 helmet (worn)
 n - a +0 shield
 p - a +0 pair of gloves (worn)
 t - a +0 cloak (worn)
 y - a +2 leather armour of cold resistance (worn)
Magical Staves
 a - an uncursed staff of conjuration (weapon)
Jewellery
 h - an uncursed ring of ice
 l - a ring of wizardry (left hand)
 v - an uncursed ring of see invisible
 w - the ring of the Ant {Fire +Inv}
   (You found it on level 10 of the Dungeon)

   [ring of fire]

   It enhances your fire magic.
   It protects you from fire.
   It makes you vulnerable to cold.
   It lets you turn invisible.
Wands
 c - a wand of digging (20)
 m - a wand of polymorph (44)
 r - a wand of iceblast (10)
 u - a wand of disintegration (2)
Scrolls
 d - a scroll of enchant weapon {!r}
 e - 2 scrolls of amnesia {!r}
 f - 4 scrolls of fog {!r}
 g - 4 scrolls of remove curse {!r}
 i - 4 scrolls of identify {!r}
 j - 3 scrolls of enchant armour {!r}
 o - 2 scrolls of magic mapping {!r}
 q - 6 scrolls of teleportation {!r}
 s - a scroll of vulnerability {!r}
Miscellaneous
 x - a lightning rod (4/4)


   Skills:
 + Level 8.2 Fighting
 - Level 9.0 Dodging
 - Level 1.5 Stealth
 * Level 4.2 Shields
 - Level 9.0 Spellcasting
 - Level 9.0 Conjurations
 - Level 0.7 Summonings
 - Level 0.7 Translocations


You had 9 spell levels left.
You knew the following spells:

 Your Spells              Type           Power        Failure   Level  Hunger
a - Iskenderun's Mystic   Conj           ######..     1%          4    N/A
b - Call Imp              Summ           ##......     4%          2    N/A
c - Passage of Golubria   Tloc           N/A          26%         4    N/A
d - Magic Dart            Conj           ####         1%          1    N/A
e - Mephitic Cloud        Conj/Pois/Air  ####....     1%          3    N/A
s - Conjure Flame         Conj/Fire      #####...     1%          3    N/A
v - Blink                 Tloc           N/A          4%          2    N/A

Dungeon Overview and Level Annotations

Branches:
Dungeon (11/15)            Temple (1/1) D:6            Lair (0/6) D:11
    Orc (0/2) D:10

Altars:
Ashenzari
Cheibriados
Dithmenos
Elyvilon
Fedhas
Gozag
Hepliaklqana
Kikubaaqudgha
Makhleb
Nemelex Xobeh
Okawaru
Qazlal
Ru
Sif Muna
Trog
Uskayaw
Vehumet
Wu Jian
Xom
Yredelemnul
Zin
The Shining One

Shops:
D:4 (   D:5 (   D:11 =

Annotations:
D:11 Nergalle


Innate Abilities, Weirdness & Mutations

You do not eat or drink.
Your flesh is vulnerable to fire.
You are immune to poison.
Your flesh is cold resistant. (rC+)
You are immune to negative energy. (rN+++)
You are immune to unholy pain and torment.
You can survive without breathing.


Message History

* * * LOW HITPOINT WARNING * * *
You stumble backwards!
The elephant barely misses you.
The elephant trunk-slaps you but does no damage.
Casting: Conjure Flame (safe; 1% risk of failure)
Confirm with . or Enter, or press ? or * to list all spells.
Aiming: Iskenderun's Mystic Blast (safe; 1% risk of failure)
Press: ? - help, Shift-Dir - straight line, f - elephant
Aim: an elephant (severely wounded)
You feel a surge of power!
The orb of energy hits the elephant.
The elephant is severely wounded.
The elephant tramples you!!
* * * LOW HITPOINT WARNING * * *
You stumble backwards!
Casting: Iskenderun's Mystic Blast (safe; 1% risk of failure)
Confirm with . or Enter, or press ? or * to list all spells.
You don't have enough magic to cast that spell.
Unknown command.
The elephant tramples you.
* * * LOW HITPOINT WARNING * * *
You stumble backwards!
The elephant barely misses you. The elephant misses you.
There is a stone staircase leading up here.
You see here an arrow.
The elephant tramples you!
* * * LOW HITPOINT WARNING * * *
You stumble backwards!
You stop ascending the stairs.
You can't drink.
Things that are here:
an uncursed shortbow; 2 arrows Nergalle shouts!
Nergalle gestures at you while chanting.
Orcish apparitions take form around you.
The spectral orc warrior closely misses you. x3
Something barely misses you. The elephant closely misses you.
The elephant trunk-slaps you.
* * * LOW HITPOINT WARNING * * *
Something hits you.
* * * LOW HITPOINT WARNING * * *
Deactivating autopickup; reactivate with Ctrl-A.
An orc priest comes into view.
Really read
q - 7 scrolls of teleportation {!r}?
As you read the scroll of teleportation {!r}, it crumbles to dust.
You feel strangely unstable. Something barely misses you.
Nergalle points at you and mumbles some strange words.
Orcish apparitions take form around you.
Okay, then.
The orc priest shouts!
You hear a shout!
The spectral orc warrior hits you but does no damage.
Nergalle casts a spell at you.
Orcish apparitions take form around you.
The spectral orc warrior hits you but does no damage.
You hear a shout!
Your surroundings suddenly seem different.
Found 15 gold pieces.
Found a stone staircase leading down.
Autopickup is now on.
You start resting.
A cyclops is nearby!
Really read
f - 5 scrolls of fog {!r}?
As you read the scroll of fog {!r}, it crumbles to dust.
The scroll dissolves into smoke.
The cyclops shouts!
The cyclops throws a large rock.
The large rock hits you!!!
You die...

................
>.C............
##.............
#.$............ .
#..............
..##..............
.......§.§......##
......§§§§...####
......§§@...##
#############


You could see a cyclops.

Vanquished Creatures
  Harold (D:10)
  Fannar (D:10)
  A hydra (D:11)
  A centaur warrior (D:10)
  3 two-headed ogres
  Pikel (D:4)
  A manticore (D:11)
  Joseph (D:8)
  Maurice (D:8)
  Psyche (D:8)
  A troll (D:8)
  3 hippogriffs
  Sigmund (D:3)
  A spriggan (D:7)
  A yak (D:10)
  A water moccasin (D:6)
  A swamp drake (D:10)
  4 orc warriors
  2 sky beasts
  2 phantoms
  A black bear (D:11)
  A slave (D:4)
  9 ogres
  11 centaurs
  A crocodile (D:10)
  3 big kobolds
  5 bullfrogs
  5 scorpions
  3 wights (D:10)
  A water moccasin skeleton (D:6)
  An electric eel (D:8)
  4 howler monkeys
  9 crimson imps
  A lava snake (D:8)
  5 hounds
  3 bullfrog skeletons
  2 jellies
  6 orc priests
  2 centaur skeletons
  Terence (D:3)
  3 iguanas
  14 orc wizards
  5 worker ants
  A killer bee zombie (D:7)
  2 hound skeletons
  A hound zombie (D:5)
  Robin (D:2)
  2 worker ant zombies
  9 adders
  2 gnolls
  2 howler monkey skeletons
  A shadow imp (D:10)
  An ooze (D:1)
  2 worms (D:2)
  2 dart slugs
  6 leopard geckos
  41 orcs
  2 ball pythons
  7 bats
  2 bat zombies (D:6)
  5 giant cockroaches
  10 goblins
  11 hobgoblins
  5 jackals
  16 kobolds
  4 quokkas
  6 frilled lizards
  A leopard gecko skeleton (D:7)
  A quokka zombie (D:9)
  5 rats
  A rat zombie (D:6)
274 creatures vanquished.

Vanquished Creatures (others)
  2 slaves (D:4)
  An orc (D:8)
3 creatures vanquished.

Grand Total: 277 creatures vanquished

Notes
Turn   | Place    | Note
-------+----------+-------------------------------------------
     0 | D:1      | Amnesiac the Mummy Wizard began the quest for the Orb.
     0 | D:1      | Reached XP level 1. HP: 13/13 MP: 5/5
    37 | D:1      | You fall through a shaft!
   128 | D:2      | Reached skill level 1 in Conjurations
   396 | D:2      | Reached XP level 2. HP: 13/20 MP: 7/7
   400 | D:2      | Learned a level 2 spell: Blink
   403 | D:2      | Learned a level 2 spell: Call Imp
   528 | D:2      | Found a radiant altar of Vehumet.
   541 | D:2      | Became a worshipper of Vehumet
   879 | D:1      | Reached skill level 1 in Fighting
   993 | D:1      | Reached XP level 3. HP: 26/26 MP: 2/8
   998 | D:1      | Learned a level 3 spell: Mephitic Cloud
  1750 | D:2      | Reached * piety under Vehumet
  1750 | D:2      | Offered knowledge of Flame Tongue by Vehumet.
  2308 | D:3      | Noticed Robin
  2310 | D:3      | Reached XP level 4. HP: 20/32 MP: 0/10
  2435 | D:2      | Killed Robin
  2575 | D:3      | Found an ornate altar of the Wu Jian Council.
  2808 | D:3      | Found a blossoming altar of Fedhas.
  2885 | D:3      | Noticed Terence
  2892 | D:3      | Learned a level 3 spell: Conjure Flame
  2905 | D:3      | Killed Terence
  3084 | D:3      | Noticed Sigmund
  3122 | D:3      | Killed Sigmund
  3122 | D:3      | Reached XP level 5. HP: 30/37 MP: 7/11
  3122 | D:3      | Reached XP level 6. HP: 35/43 MP: 7/12
  3216 | D:3      | Reached skill level 5 in Conjurations
  3248 | D:3      | Offered knowledge of Throw Frost by Vehumet.
  3361 | D:4      | Reached ** piety under Vehumet
  3387 | D:4      | Found a deep blue altar of Sif Muna.
  3411 | D:4      | Found a white marble altar of Elyvilon.
  3493 | D:4      | Found a hazy altar of Hepliaklqana.
  3494 | D:4      | Found a shimmering altar of Xom.
  3495 | D:4      | Noticed a spectral ugly thing
  3729 | D:4      | Reached skill level 5 in Spellcasting
  3791 | D:4      | Noticed a slave
  3791 | D:4      | Noticed a slave
  3792 | D:4      | Noticed Pikel
  3792 | D:4      | Noticed a slave
  3822 | D:4      | Noticed a slave
  3830 | D:4      | Killed a slave
  3831 | D:4      | Killed Pikel
  3831 | D:4      | Reached XP level 7. HP: 7/52 MP: 4/14
  4075 | D:4      | Found Uliuxir's Antique Weapon Shoppe.
  4150 | D:4      | Found a radiant altar of Vehumet.
  4231 | D:5      | Entered Level 5 of the Dungeon
  4330 | D:5      | Reached XP level 8. HP: 49/58 MP: 2/15
  4505 | D:4      | Reached skill level 5 in Dodging
  4644 | D:5      | Found a glowing golden altar of the Shining One.
  4696 | D:5      | Found Udiynnur's Weapon Shoppe.
  5067 | D:5      | Offered knowledge of Stone Arrow by Vehumet.
  5535 | D:6      | Reached *** piety under Vehumet
  5807 | D:6      | Reached XP level 9. HP: 44/66 MP: 8/18
  5989 | D:6      | Offered knowledge of Olgreb's Toxic Radiance by Vehumet.
  6001 | D:6      | Found a staircase to the Ecumenical Temple.
  6007 | Temple   | Entered the Ecumenical Temple
  6272 | D:6      | Found a burning altar of Makhleb.
  6412 | D:6      | Found an opulent altar of Gozag.
  6533 | D:6      | Found an ancient bone altar of Kikubaaqudgha.
  6862 | D:7      | Reached skill level 5 in Fighting
  6973 | D:7      | Found a faded altar of an unknown god.
  6973 | D:7      | Found a shattered altar of Ashenzari.
  6978 | D:7      | Found a stormy altar of Qazlal.
  6980 | D:7      | Found a glowing silver altar of Zin.
  6982 | D:7      | Found a faded altar of an unknown god.
  7230 | D:8      | Noticed Joseph
  7240 | D:8      | Killed Joseph
  7282 | D:9      | HP: 3/68 [bullfrog (8)]
  7857 | D:9      | Reached **** piety under Vehumet
  8192 | D:9      | Learned a level 4 spell: Iskenderun's Mystic Blast
  8237 | D:8      | Noticed a troll
  8250 | D:8      | Noticed Maurice
  8272 | D:8      | Killed a troll
  8272 | D:8      | Reached XP level 10. HP: 56/76 MP: 3/21
  8464 | D:8      | Offered knowledge of Fireball by Vehumet.
  8526 | D:8      | Noticed Psyche
  8529 | D:8      | Killed Psyche
  9245 | D:8      | Killed Maurice
  9602 | D:10     | Entered Level 10 of the Dungeon
  9776 | D:10     | Noticed a centaur warrior
 10241 | D:10     | Got a scintillating lead ring
 10243 | D:10     | Identified the ring of the Ant {Fire +Inv} (You found it on level 10 of the Dungeon)
 10468 | D:10     | Killed a centaur warrior
 11189 | D:10     | Found a staircase to the Orcish Mines.
 11884 | D:11     | Reached XP level 11. HP: 83/83 MP: 11/23
 12173 | D:11     | Noticed a two-headed ogre
 12185 | D:11     | Learned a level 4 spell: Passage of Golubria
 12188 | D:11     | Noticed a seven-headed hydra
 12190 | D:11     | Noticed a two-headed ogre
 12198 | D:11     | Killed a seven-headed hydra
 12198 | D:11     | Reached ***** piety under Vehumet
 12260 | D:10     | Offered knowledge of Bolt of Magma by Vehumet.
 12379 | D:11     | Found Qurrahiy's Jewellery Boutique.
 12387 | D:11     | Noticed a two-headed ogre
 12708 | D:11     | Noticed Harold
 12710 | D:11     | Noticed Fannar
 12713 | D:11     | Noticed Nergalle
 12730 | D:10     | HP: 4/84 [Harold/bolt of fire (29)]
 13063 | D:10     | Killed Harold
 13456 | D:10     | Killed a two-headed ogre
 13456 | D:10     | Reached skill level 1 in Shields
 13619 | D:11     | Found a staircase to the Lair.
 13726 | D:10     | Killed Fannar
 14049 | D:11     | Killed a two-headed ogre
 14138 | D:10     | Killed a two-headed ogre
 14488 | D:11     | HP: 3/86 [something (5)]
 14531 | D:11     | Hit by a large rock thrown by a cyclops

Vault maps used:
D:1:      minmay_arrival_plants_in_alcoves, serial_forest,
          infiniplex_forest_end_1, infiniplex_forest_clump_diagonal,
          infiniplex_forest_lined_3, infiniplex_forest_end_double,
          infiniplex_forest_end_3, infiniplex_forest_clump_curved, st_stairs_5
D:2:      minmay_wonky_spiral, vehumet_crystals, first_ration
D:3:      overflow_temple_1_default, lemuel_crystal_altar, uniq_robin,
          uniq_terence, uniq_sigmund
D:4:      regret_index_temple_of_mockery, old_standard_altar,
          overflow_temple_1_default, serial_shops, shop, lemuel_tele_altar,
          uniq_pikel
D:5:      serial_shops, shop, lemuel_statue_altar
D:6:      lemuel_zombie_altar_kikubaaqudgha, makhleb_heckhound_becter,
          minmay_temple_entry_enclosed_plants,
          nicolae_gozag_cash_rules_everything_around_me
D:7:      chequers_temple_overflow_minitemple, the_bakery
D:8:      nrook_pool_corridor, kennysheep_opposing_triangles, uniq_psyche,
          uniq_joseph, uniq_maurice
D:10:     cheibrodos_fzero, erik_orc_1, serial_park_tiny_1
D:11:     david_lair_generic, serial_shops, nicolae_shop_statue_plus,
          amethyst_killhole, uniq_fannar, uniq_harold, uniq_nergalle
Temple:   nicolae_temple_figure_zero

Skill      XL: |  1  2  3  4  5  6  7  8  9 10 11 |
---------------+----------------------------------+-----
Conjurations   | 1 2 4 5 6 7 8 9 |  9.0
Dodging        | 2 4 6 7 8 9 |  9.0
Fighting       | 1 3 4 5 6 8 |  8.2
Spellcasting   | 5 6 7 8 9 |  9.0
Shields        | 4 |  4.2
Stealth        | |  1.5
Summonings     | |  0.7
Translocations | |  0.7

Action                   |  1- 3 |  4- 6 |  7- 9 | 10-12 || total
-------------------------+-------+-------+-------+-------++-------
Melee: Long sword        |    41 |    42 |    84 |       ||   167
       Dagger            |       |       |    20 |       ||    20
       Staff             |       |       |     2 |    17 ||    19
 Cast: Magic Dart        |   110 |    83 |   265 |     8 ||   466
       Mephitic Cloud    |       |     8 |    14 |     8 ||    30
       Conjure Flame     |       |     1 |    15 |     3 ||    19
       Iskenderun's Myst |       |       |     6 |   207 ||   213
       Call Imp          |       |       |     2 |       ||     2
       Blink             |       |       |     1 |       ||     1
Evoke: Wand              |       |       |     1 |     8 ||     9
  Use: Scroll            |     2 |     1 |     9 |     4 ||    16
 Stab: Confused          |       |     2 |     3 |       ||     5
Armor: Robe              |    25 |       |       |       ||    25
       Leather armour    |     2 |    21 |    75 |    43 ||   141
Dodge: Dodged            |    63 |    24 |   159 |    98 ||   344
       Rpst.: Long sword |    18 |     5 |    32 |       ||    55

Table legend:
 A = Spawn XP
 B = Non-spawn XP
 C = Spawn XP percentage of total XP
 D = Spawn monster count
 E = Non-spawn monster count
 F = Spawn count percentage of total count
 G = Total turns spent on level
                    A         B        C        D         E        F      G
               +---------+---------+-------+---------+---------+-------+---------
         Total |       0 |   18807 |   0.0 |       0 |     273 |   0.0 | 14531
               +---------+---------+-------+---------+---------+-------+---------
           D:1 |       0 |      41 |   0.0 |       0 |      20 |   0.0 |  1090
           D:2 |       0 |      66 |   0.0 |       0 |      24 |   0.0 |  1350
           D:3 |       0 |     342 |   0.0 |       0 |      22 |   0.0 |   892
           D:4 |       0 |     906 |   0.0 |       0 |      18 |   0.0 |  1031
           D:5 |       0 |     820 |   0.0 |       0 |      17 |   0.0 |  1052
           D:6 |       0 |     899 |   0.0 |       0 |      26 |   0.0 |  1114
           D:7 |       0 |     875 |   0.0 |       0 |       9 |   0.0 |   516
           D:8 |       0 |    2506 |   0.0 |       0 |      31 |   0.0 |  1453
           D:9 |       0 |     928 |   0.0 |       0 |      21 |   0.0 |  1357
          D:10 |       0 |    7662 |   0.0 |       0 |      56 |   0.0 |  4080
          D:11 |       0 |    3762 |   0.0 |       0 |      29 |   0.0 |   478
               +---------+---------+-------+---------+---------+-------+---------
